 Dungeon Crawl Stone Soup version 0.31.0-11-ge490571c62 (webtiles) character file.

Game seed: 2674091593912147829

233 qw the Skirmisher (level 5, -2/30 HPs)
             Began as a Deep Elf Hunter on Feb 5, 2024.
             Slain by Grinder (5 damage)
             ... on level 4 of the Dungeon.
             The game lasted 00:00:58 (2519 turns).

qw the Skirmisher (Deep Elf Hunter)                 Turns: 2519, Time: 00:00:59

Health: -2/30      AC:  9    Str:  9    XL:     5   Next: 74%
Magic:  7/7        EV: 10    Int: 18    God:
Gold:   113        SH:  0    Dex: 15    Spells: 4/4 levels left

rFire   + + .        a - +1 shortbow
rCold   . . .        (shield currently unavailable)
rNeg    . . .        h - +1 ring mail
rPois   .            (no helmet)
rElec   .            f - scarf {repulsion}
rCorr   .            d - +2 pair of gloves
SInv    .            (no boots)
Will    .....        (no amulet)
Stlth   +            i - ring of protection from fire
HPRegen 0.25/turn    j - ring of protection from fire
MPRegen 0.10/turn

%: repel missiles
@: no status effects
A: clever 1, clumsy 1, subdued magic 1
a: no special abilities


You were on level 4 of the Dungeon.
You visited 1 branch of the dungeon, and saw 4 of its levels.

You collected 113 gold pieces.


Innate Abilities, Weirdness & Mutations

Your mind is acute. (Int +4, Str/Dex -1)
You are clumsy. (Dex -2)
Your spells are a little easier to cast, but a little less powerful.


   Skills:
 - Level 2.0 Fighting
 + Level 9.1 Ranged Weapons
 - Level 2.4 Dodging
 - Level 1.2 Stealth


You had 4 spell levels left.
You didn't know any spells.
Your spell library was empty.

Inventory:

Hand Weapons
 a - a +1 shortbow (weapon)
Armour
 d - a +2 pair of gloves (worn)
 f - a scarf of repulsion (worn)
 h - a +1 ring mail (worn)
Jewellery
 i - a ring of protection from fire (left hand)
 j - a ring of protection from fire (right hand)
Potions
 b - a potion of enlightenment
 g - a potion of resistance
 n - a potion of curing {unknown}
 o - 2 potions of mutation

Dungeon Overview and Level Annotations

Branches:
Dungeon (4/15)
 Temple: D:4-7

Altars:
Dithmenos

Shops:
D:1 =

Annotations:
D:4 Grinder


Message History

Grinder shouts!
The arrow hits the jackal.
The jackal is moderately wounded.
The jackal bites you but does no damage.
You shoot an arrow. The arrow barely misses the jackal.
The jackal closely misses you. The jackal barely misses you.
The jackal misses you.
You shoot an arrow. The arrow barely misses the jackal.
The jackal bites you but does no damage. x2
The jackal closely misses you.
Grinder blinks!
You shoot an arrow. The arrow barely misses the jackal.
The jackal bites you. The jackal barely misses you. The jackal misses you.
The jackal bites you but does no damage. x2
The jackal bites you.
You shoot an arrow. The arrow hits the jackal!
You kill the jackal!
Grinder blinks!
The jackal closely misses you.
The jackal bites you but does no damage.
Your Fighting skill increases to level 2!
You shoot an arrow. The arrow hits the hobgoblin.
You kill the hobgoblin!
The jackal bites you but does no damage. x2
Grinder says, "You look like you could use a good racking."
The jackal bites you. x2
You shoot an arrow. The arrow hits Grinder!
Grinder is moderately wounded.
Grinder closely misses you.
The jackal bites you but does no damage. x2
You shoot an arrow. The arrow barely misses Grinder.
The jackal bites you but does no damage.
The jackal closely misses you.
Grinder says, "Tell me all your secrets, or I'll kill you."
Grinder hits you but does no damage. The jackal barely misses you.
The jackal bites you. Grinder hits you!
You shoot an arrow. The arrow hits Grinder.
Grinder is moderately wounded.
The jackal completely misses you. The jackal bites you. Grinder hits you!
You writhe in agony.
You die...
Grinder says, "Now the real fun starts!"

... ... ...
#########.#
.........###
#...!.....#
#..5h.....+
#...@h....#
#####.........#
#.<...####.####
#####.# .# #...
# #####


You could see Grinder and 2 jackals.

Vanquished Creatures
  An ogre (D:3)
  A scorpion (D:2)
  4 adders
  A ribbon worm (D:3)
  A dart slug (D:1)
  6 ball pythons
  4 endoplasms
  2 giant cockroaches (D:1)
  6 goblins
  6 hobgoblins
  4 jackals
  A quokka (D:2)
  5 bats
  7 frilled lizards
  5 kobolds
  A rat (D:1)
55 creatures vanquished.

Notes
Turn   | Place    | Note
-------+----------+-------------------------------------------
     0 | D:1      | qw the Deep Elf Hunter began the quest for the Orb.
     0 | D:1      | Reached XP level 1. HP: 12/12 MP: 3/3
     0 | D:1      | 0 ||| qw: Version: 0.3-a-160-g6735b56
     0 | D:1      | 0 ||| qw: Game counter: 6509
     0 | D:1      | 0 ||| qw: Melee chars always use a shield: true
     0 | D:1      | 0 ||| qw: God list: Okawaru
     0 | D:1      | 0 ||| qw: Allow faded altars: false
     0 | D:1      | 0 ||| qw: Do Orc after clearing Dungeon:15 true
     0 | D:1      | 0 ||| qw: Do second Lair branch before Depths: true
     0 | D:1      | 0 ||| qw: Lair rune preference: random
     0 | D:1      | 0 ||| qw: Goals: Normal
     0 | D:1      | 0 ||| PLANNING D:1-11
    28 | D:1      | Found Rifiq's Jewellery Shoppe.
    37 | D:1      | 37 ||| SHOPLISTING +5 ring of evasion (360 gold, have 0).
    37 | D:1      | 37 ||| SHOPLISTING amulet of faith (400 gold, have 0).
    37 | D:1      | 37 ||| SHOPLISTING ring of poison resistance (200 gold,
                  | have 0).
    37 | D:1      | 37 ||| SHOPLISTING ring of positive energy (200 gold, have
                  | 0).
    37 | D:1      | 37 ||| SHOPLISTING ring of see invisible (150 gold, have
                  | 0).
   198 | D:1      | Reached skill level 6 in Ranged Weapons
   198 | D:1      | Reached XP level 2. HP: 16/16 MP: 4/4
   744 | D:1      | 744 ||| UPGRADING to +0 pair of gloves.
   749 | D:1      | 749 ||| UPGRADING to +0 ring mail.
   759 | D:1      | 759 ||| DROPPING +0 leather armour.
   760 | D:1      | 760 ||| UPGRADING to ring of protection from fire.
   761 | D:1      | 761 ||| UPGRADING to ring of protection from fire.
   762 | D:1      | 762 ||| READING 2 scrolls labelled DALYLI REAGYUL.
   762 | D:1      | 762 ||| ENCHANTING +0 pair of gloves.
   763 | D:1      | 763 ||| READING scroll of enchant armour.
   763 | D:1      | 763 ||| ENCHANTING +1 pair of gloves.
   764 | D:1      | 764 ||| READING scroll labelled LIAQUA WURE.
   765 | D:1      | 765 ||| READING scroll labelled JUKUXK YTTUFU.
   765 | D:1      | 765 ||| ENCHANTING +0 shortbow.
   766 | D:1      | 766 ||| READING scroll labelled UNUSICHIOPS.
   767 | D:1      | 767 ||| READING 2 scrolls labelled ZUIPLO QAAREE.
   767 | D:1      | 767 ||| IDENTIFYING fuming black potion
   768 | D:1      | 768 ||| READING scroll of identify.
   768 | D:1      | 768 ||| IDENTIFYING smoky golden potion
   769 | D:1      | 769 ||| DROPPING scroll of butterflies.
   770 | D:1      | 770 ||| DROPPING potion of magic.
   852 | D:2      | Reached XP level 3. HP: 16/20 MP: 5/5
   900 | D:2      | Reached skill level 7 in Ranged Weapons
  1106 | D:2      | Found a shadowy altar of Dithmenos.
  1296 | D:2      | Noticed a scorpion
  1305 | D:2      | Killed a scorpion
  1306 | D:2      | Reached skill level 8 in Ranged Weapons
  1306 | D:2      | Reached XP level 4. HP: 15/25 MP: 6/6
  1493 | D:2      | 1493 ||| UPGRADING to scarf of repulsion.
  1498 | D:2      | 1498 ||| READING 2 scrolls of identify.
  1498 | D:2      | 1498 ||| IDENTIFYING ruby potion
  1499 | D:2      | 1499 ||| READING scroll of identify.
  1499 | D:2      | 1499 ||| IDENTIFYING dark potion
  1500 | D:2      | 1500 ||| READING scroll labelled SUSA KUNGO.
  1501 | D:2      | 1501 ||| READING 2 scrolls labelled IRAENK YF URUL.
  1502 | D:2      | 1502 ||| DRINKING 2 glowing purple potions.
  1502 | D:2      | Gained mutation: Your mind is acute. (Int +4, Str/Dex -1)
                  | [potion of mutation]
  1502 | D:2      | Gained mutation: Your spells are a little easier to cast,
                  | but a little less powerful. [potion of mutation]
  1502 | D:2      | Gained mutation: You are clumsy. (Dex -2) [potion of
                  | mutation]
  1503 | D:2      | 1503 ||| DROPPING potion of berserk rage.
  1504 | D:2      | 1504 ||| DROPPING scroll of noise.
  1506 | D:2      | 1506 ||| Stepping ~*~*~tactically~*~*~ (cloud).
  1511 | D:2      | HP: 6/25 [poisoned by you (poison gas)]
  1516 | D:2      | HP: 2/25 [poisoned by you (poison gas)]
  1937 | D:3      | Noticed an ogre
  1947 | D:3      | Killed an ogre
  1948 | D:3      | Reached skill level 9 in Ranged Weapons
  1948 | D:3      | Reached XP level 5. HP: 21/29 MP: 7/7
  2223 | D:3      | 2223 ||| FLEEEEING.
  2225 | D:3      | 2225 ||| FLEEEEING.
  2226 | D:3      | 2226 ||| FLEEEEING.
  2374 | D:3      | 2374 ||| READING scroll of identify.
  2374 | D:3      | 2374 ||| IDENTIFYING pink potion
  2375 | D:3      | 2375 ||| READING scroll labelled JUGY OKELO.
  2376 | D:3      | 2376 ||| READING scroll labelled NEAVYH LOYHONNO.
  2477 | D:3      | 2477 ||| READING scroll labelled XAG HITULLIPT.
  2480 | D:3      | 2480 ||| DROPPING potion of attraction.
  2497 | D:4      | 2497 ||| PLANNING SEWER
  2505 | D:4      | 2505 ||| READING scroll of enchant armour.
  2505 | D:4      | 2505 ||| ENCHANTING +0 ring mail.
  2510 | D:4      | Noticed Grinder
  2519 | D:4      | HP: 3/30 [Grinder (9)]
  2519 | D:4      | Slain by Grinder

Levels and vault maps discovered:
D:1:      nicolae_arrival_memento_mori, layout_basic, serial_shops,
          nicolae_shop_statue_plus, skrybe_limestone_x,
          wad_floor_pattern_untrapped, minmay_bisected
D:2:      layout_loops_ring, basic_altar
D:3:      layout_basic
D:4:      layout_basic, portal_sewer_entry_b, uniq_grinder

Skill      XL: |  1  2  3  4  5 |
---------------+----------------+-----
Ranged Weapons | 6 8 9 |  9.1
Fighting       | 2 |  2.0
Dodging        | |  2.4
Stealth        | |  1.2

Action                     |  1- 3 |  4- 6 || total
---------------------------+-------+-------++-------
   Fire: Shortbow          |    93 |    69 ||   162
    Use: Scroll            |     7 |     9 ||    16
         Potion            |       |     1 ||     1
 Armour: Ring mail         |    15 |    33 ||    48
         Leather armour    |     6 |       ||     6
  Dodge: Dodged            |    20 |    22 ||    42
         Repelled          |       |     1 ||     1

Table legend:
 A = Non-vault XP
 B = Vault XP
 C = Vault XP percentage of total XP
 D = Non-vault monster count
 E = Vault monster count
 F = Vault count percentage of total count
                 A         B        C        D         E       F
            +---------+---------+-------+---------+---------+-------
      Total |     327 |       6 |   1.8 |      52 |       3 |   5.5
            +---------+---------+-------+---------+---------+-------
        D:1 |      22 |       6 |  21.4 |      13 |       3 |  18.8
        D:2 |     134 |       0 |   0.0 |      18 |       0 |   0.0
        D:3 |     165 |       0 |   0.0 |      18 |       0 |   0.0
        D:4 |       6 |       0 |   0.0 |       3 |       0 |   0.0
            +---------+---------+-------+---------+---------+-------
